 Dungeon Crawl Stone Soup version 0.30.0-29-ga12c61a403 (webtiles) character file.

Game seed: 11533216958938157359

986 qw the Chopper (level 8, -10/49 HPs)
             Began as a Gargoyle Fighter on June 4, 2023.
             Was a Follower of Okawaru.
             Killed from afar by a steam dragon (26 damage)
             ... with a ball of steam
             ... on level 7 of the Dungeon.
             The game lasted 00:01:46 (3691 turns).

qw the Chopper (Gargoyle Fighter)                   Turns: 3691, Time: 00:01:47

Health: -10/49     AC: 17    Str: 22    XL:     8   Next: 18%
Magic:  6/8        EV: 11    Int:  9    God:    Okawaru [*.....]
Gold:   98         SH:  5    Dex:  9    Spells: 7/7 levels left

rFire   . . .        Y - +0 war axe
rCold   . . .        c - +0 buckler
rNeg    + . .        b - +0 scale mail
rPois   inf          l - +2 helmet
rElec   +            (no cloak)
rCorr   .            (no gloves)
SInv    .            (no boots)
Will    .....        (no amulet)
Stlth   +            (no ring)
HPRegen 0.28/turn    (no ring)
MPRegen 0.11/turn

%: no passive effects
@: heroic
A: sickness immunity, AC +5, negative energy resistance 1, electricity
resistance, torment resistance 1, petrification resistance
a: Renounce Religion, Heroism


You were on level 7 of the Dungeon.
You worshipped Okawaru.
Okawaru was aware of your devotion.
You visited 2 branches of the dungeon, and saw 7 of its levels.

You collected 252 gold pieces.
You spent 154 gold pieces at shops.


Innate Abilities, Weirdness & Mutations

You are immune to sickness and miasma.
Your stone body is resilient. (AC +5)
You are immune to poison.
You resist negative energy. (rN+)
You are resistant to electric shocks. (rElec)
You are resistant to unholy torment.
You are immune to petrification.


   Skills:
 - Level 5.1(10.1) Fighting
 - Level 7.3(12.3) Axes
 + Level 0.0(5.0) Throwing
 - Level 3.2(8.2) Armour
 - Level 2.1(7.1) Dodging
 - Level 3.2(8.2) Shields
 + Level 0.8 Invocations


You had 7 spell levels left.
You didn't know any spells.
Your spell library was empty.

Inventory:

Hand Weapons
 e - a +0 whip
 Y - a +0 war axe (weapon)
Missiles
 n - 3 boomerangs (quivered)
Armour
 b - a +0 scale mail (worn)
 c - a +0 buckler (worn)
 g - a +3 leather armour of fire resistance
 l - a +2 helmet (worn)
Scrolls
 a - a scroll of identify
 h - a scroll of vulnerability {unknown}
Potions
 d - a potion of might
 f - a potion of resistance
 i - a potion of heal wounds
 j - a potion of lignification {unknown}
 k - a potion of curing
 m - a potion of magic {unknown}
 o - a potion of flight {unknown}
 q - a potion of haste

Dungeon Overview and Level Annotations

Branches:
Dungeon (7/15)             Temple (1/1) D:4

Altars:
Ashenzari
Cheibriados
Dithmenos
Fedhas
Gozag
Kikubaaqudgha
Makhleb
Nemelex Xobeh
Okawaru
Qazlal
Ru
Sif Muna
Vehumet
Xom

Shops:
D:4 [*   D:5 [

Annotations:
D:2 1 runed translucent door, Crazy Yiuf


Message History

Found 3 stones.
Found a stone staircase leading down.
There is a stone staircase leading up here.
Waypoint 5 assigned to D:5.
Found a stone staircase leading down.
A sourceless malevolence fills the Dungeon...
You fall into a shaft and drop 2 floors!
The shaft crumbles and collapses.
Found an escape hatch in the ceiling.
Waypoint 6 assigned to D:7.
There is an escape hatch in the ceiling here.
Found a ring mail.
You see here a +0 ring mail.
You now have 59 gold pieces (gained 22).
Found an escape hatch in the floor.
You now have 75 gold pieces (gained 16).
You now have 84 gold pieces (gained 9).
You now have 98 gold pieces (gained 14).
h - a scroll labelled LEBERCH IRIYTACI A steam dragon comes into view.
Found a scroll labelled LELOXT HYIF.
The steam dragon hisses angrily.
3685 ||| Stepping ~*~*~tactically~*~*~ (hiding).
You start waiting.
A steam dragon is nearby!
3687 ||| INVOKING Heroism.
You gain the combat prowess of a mighty hero.
The steam dragon breathes steam at you. The ball of steam hits you!
You closely miss the steam dragon.
You are engulfed in a cloud of scalding steam.
You barely miss the steam dragon.
You are engulfed in a cloud of scalding steam.
The steam dragon bites you but does no damage.
You block the steam dragon's attack.
You slash the steam dragon!
The steam dragon is moderately wounded.
The steam dragon breathes steam at you. The ball of steam hits you!!
Ouch! That really hurt!
You die...

#........#..........
#.......##......###
#...............#
........#####.###
###.#.>.## #.#
####......## #[#
......#...###.#####
.##..###..........#
#.D@#..##.......#
..?...#...###.#####<####
########### #...........
#..#.##.#### #..#.##.#
#.......# ##.#.##.#
#.#.##.# #......#


You could see a steam dragon (catching breath).

Vanquished Creatures
  Grinder (D:4)
  Sigmund (D:4)
  Eustachio (D:4)
  Menkaure (D:4)
  A black bear (D:4)
  A hound (D:4)
  Jessica (D:2)
  An iguana (D:4)
  An orc wizard (D:3)
  Robin (D:2)
  5 adders
  A white imp (D:3)
  A dart slug (D:2)
  4 orcs (D:3)
  8 ball pythons
  8 endoplasms
  3 giant cockroaches (D:1)
  12 goblins
  12 hobgoblins
  3 jackals (D:2)
  3 quokkas (D:3)
  2 bats
  3 frilled lizards (D:1)
  8 kobolds
  5 rats
88 creatures vanquished.

Notes
Turn   | Place    | Note
-------+----------+-------------------------------------------
     0 | D:1      | qw the Gargoyle Fighter began the quest for the Orb.
     0 | D:1      | Reached XP level 1. HP: 14/14 MP: 1/1
     0 | D:1      | 0 ||| qw: Version: 0.2-a-107-g4668610
     0 | D:1      | 0 ||| qw: Game counter: 1183
     0 | D:1      | 0 ||| qw: Always use a shield: true
     0 | D:1      | 0 ||| qw: God list: Okawaru
     0 | D:1      | 0 ||| qw: Allow faded altars: false
     0 | D:1      | 0 ||| qw: Do Orc after D:15 true
     0 | D:1      | 0 ||| qw: Do second Lair branch before Depths: true
     0 | D:1      | 0 ||| qw: Lair rune preference: random
     0 | D:1      | 0 ||| qw: Plans: Normal, Zot:1-4, Slime:5, God:TSO, Crypt,
                  | Tomb, Abyss, Pan, Hells, Win
     0 | D:1      | 0 ||| PLANNING D:1-11
    50 | D:1      | Reached skill level 2 in Axes
   242 | D:1      | Reached XP level 2. HP: 19/19 MP: 2/2
   710 | D:1      | 710 ||| Stepping ~*~*~tactically~*~*~ (stealth).
   733 | D:1      | Reached skill level 3 in Axes
   757 | D:1      | Reached XP level 3. HP: 23/23 MP: 3/3
   965 | D:1      | 965 ||| READING 2 scrolls labelled ZEGIAPNULA.
   966 | D:1      | 966 ||| DRINKING 3 pink potions.
  1096 | D:2      | 1096 ||| Stepping ~*~*~tactically~*~*~ (stealth).
  1100 | D:2      | 1100 ||| Stepping ~*~*~tactically~*~*~ (hiding).
  1103 | D:2      | 1103 ||| Stepping ~*~*~tactically~*~*~ (stealth).
  1180 | D:2      | 1180 ||| Stepping ~*~*~tactically~*~*~ (hiding).
  1183 | D:2      | 1183 ||| Stepping ~*~*~tactically~*~*~ (hiding).
  1184 | D:2      | 1184 ||| Stepping ~*~*~tactically~*~*~ (hiding).
  1185 | D:2      | 1185 ||| Stepping ~*~*~tactically~*~*~ (hiding).
  1202 | D:2      | Noticed Robin
  1212 | D:2      | Reached XP level 4. HP: 23/28 MP: 4/4
  1212 | D:2      | Killed Robin
  1216 | D:2      | Reached skill level 4 in Axes
  1250 | D:2      | Found a sparkling altar of Nemelex Xobeh.
  1335 | D:2      | Noticed Jessica
  1346 | D:2      | Killed Jessica
  1396 | D:2      | 1396 ||| Stepping ~*~*~tactically~*~*~ (hiding).
  1553 | D:2      | Reached XP level 5. HP: 32/32 MP: 5/5
  2115 | D:2      | Found a runed translucent door.
  2116 | D:2      | Noticed Crazy Yiuf
  2174 | D:2      | 2174 ||| UPGRADING to +2 helmet.
  2179 | D:2      | 2179 ||| DROPPING ring of flight.
  2180 | D:2      | 2180 ||| READING scroll labelled TOEWEOC AHOU.
  2374 | D:3      | 2374 ||| Stepping ~*~*~tactically~*~*~ (stealth).
  2376 | D:3      | 2376 ||| Stepping ~*~*~tactically~*~*~ (hiding).
  2392 | D:3      | Reached skill level 5 in Axes
  2416 | D:3      | 2416 ||| Stepping ~*~*~tactically~*~*~ (stealth).
  2478 | D:3      | 2478 ||| Stepping ~*~*~tactically~*~*~ (hiding).
  2479 | D:3      | 2479 ||| Stepping ~*~*~tactically~*~*~ (hiding).
  2480 | D:3      | 2480 ||| Stepping ~*~*~tactically~*~*~ (hiding).
  2482 | D:3      | 2482 ||| Stepping ~*~*~tactically~*~*~ (hiding).
  2748 | D:3      | 2748 ||| DRINKING 2 green potions.
  2749 | D:3      | 2749 ||| READING 2 scrolls of identify.
  2749 | D:3      | 2749 ||| IDENTIFYING clear potion
  2750 | D:3      | 2750 ||| DROPPING potion of degeneration.
  2777 | D:4      | Noticed Eustachio
  2787 | D:4      | 2787 ||| FLEEEEING.
  2795 | D:4      | 2795 ||| FLEEEEING.
  2796 | D:4      | 2796 ||| FLEEEEING.
  2797 | D:4      | 2797 ||| FLEEEEING.
  2810 | D:4      | HP: 5/32 [white imp[Eustachio] (5)]
  2811 | D:4      | 2811 ||| DRINKING 3 potions of heal wounds.
  2824 | D:4      | HP: 5/32 [Eustachio/+1 heavy falchion (7)]
  2825 | D:4      | 2825 ||| DRINKING 2 potions of heal wounds.
  2828 | D:4      | Killed Eustachio
  2829 | D:4      | Reached XP level 6. HP: 23/40 MP: 6/6
  2925 | D:4      | Found a staircase to the Ecumenical Temple.
  2925 | D:4      | Noticed Menkaure
  2926 | D:4      | 2926 ||| PLANNING TEMPLE
  2926 | D:4      | 2926 ||| Stepping ~*~*~tactically~*~*~ (hiding).
  2927 | D:4      | 2927 ||| Stepping ~*~*~tactically~*~*~ (hiding).
  2928 | D:4      | 2928 ||| Stepping ~*~*~tactically~*~*~ (hiding).
  2938 | D:4      | Killed Menkaure
  2939 | D:4      | Reached XP level 7. HP: 32/44 MP: 7/7
  2982 | D:4      | 2982 ||| READING scroll labelled OFRIMI EDABB.
  2991 | Temple   | Entered the Ecumenical Temple
  3007 | Temple   | 3007 ||| PLANNING OKAWARU WORSHIP
  3038 | Temple   | Became a worshipper of Warmaster Okawaru
  3038 | Temple   | 3038 ||| PLANNING D:1-11
  3122 | D:4      | Noticed Sigmund
  3123 | D:4      | 3123 ||| Stepping ~*~*~tactically~*~*~ (stealth).
  3127 | D:4      | Found an opulent altar of Gozag.
  3136 | D:4      | 3136 ||| FLEEEEING.
  3137 | D:4      | 3137 ||| FLEEEEING.
  3138 | D:4      | 3138 ||| FLEEEEING.
  3142 | D:4      | 3142 ||| STAIRDANCE
  3214 | D:3      | 3214 ||| READING 2 scrolls of identify.
  3214 | D:3      | 3214 ||| IDENTIFYING white potion
  3215 | D:3      | 3215 ||| DROPPING potion of ambrosia.
  3229 | D:4      | Killed Sigmund
  3230 | D:4      | Reached skill level 6 in Axes
  3292 | D:4      | Found Gozag's Platinum Reserve.
  3293 | D:4      | 3293 ||| Stepping ~*~*~tactically~*~*~ (stealth).
  3297 | D:4      | 3297 ||| Stepping ~*~*~tactically~*~*~ (stealth).
  3298 | D:4      | 3298 ||| Stepping ~*~*~tactically~*~*~ (stealth).
  3317 | D:4      | Reached * piety under Okawaru
  3327 | D:4      | 3327 ||| SHOPLISTING +5 ring mail of the Spheres {Str+3
                  | Int+6} (5490 gold, have 171).
  3327 | D:4      | 3327 ||| SHOPLISTING ring "Fostroppi" {rC- MP+9 Dex+3
                  | Slay+2} (3470 gold, have 171).
  3465 | D:4      | Noticed Grinder
  3466 | D:4      | 3466 ||| Stepping ~*~*~tactically~*~*~ (hiding).
  3467 | D:4      | 3467 ||| Stepping ~*~*~tactically~*~*~ (hiding).
  3470 | D:4      | 3470 ||| INVOKING Heroism.
  3470 | D:4      | Paralysed by Grinder for 3 turns
  3478 | D:4      | Killed Grinder
  3479 | D:4      | Reached skill level 7 in Axes
  3479 | D:4      | Reached XP level 8. HP: 45/49 MP: 5/8
  3500 | D:4      | Found Riek's Antique Armour Boutique.
  3509 | D:4      | 3509 ||| SHOPLISTING faintly humming ring mail (198 gold,
                  | have 171).
  3509 | D:4      | 3509 ||| BUYING glowing hat (154 gold).
  3509 | D:4      | Bought a glowing hat for 154 gold pieces
  3509 | D:4      | 3509 ||| SHOPLISTING runed leather armour (110 gold, have
                  | 17).
  3509 | D:4      | 3509 ||| SHOPLISTING runed ring mail (154 gold, have 17).
  3602 | D:4      | 3602 ||| DROPPING orb of guile.
  3603 | D:4      | 3603 ||| DROPPING +2 hat.
  3604 | D:4      | 3604 ||| READING scroll labelled OTOICV QESU.
  3605 | D:4      | 3605 ||| READING scroll labelled CEUNATR BYESU.
  3612 | D:5      | Entered Level 5 of the Dungeon
  3623 | D:5      | Found Ibahohod's Armour Boutique.
  3625 | D:5      | You fall into a shaft and drop 2 floors!
  3685 | D:7      | 3685 ||| Stepping ~*~*~tactically~*~*~ (hiding).
  3687 | D:7      | 3687 ||| INVOKING Heroism.
  3691 | D:7      | Killed from afar by a steam dragon

Levels and vault maps discovered:
D:1:      minmay_arrival_four_houses, layout_loops_corners, serial_aquarium,
          aquarium_bridge_straight [aquarium_subvault_bridge,
          aquarium_subvault_wall, aquarium_subvault_bridge,
          aquarium_subvault_wall], aquarium_bridge_straight
          [aquarium_subvault_bridge, aquarium_subvault_wall,
          aquarium_subvault_bridge, aquarium_subvault_balcony],
          aquarium_window_2, aquarium_window_fake, aquarium_view_2f,
          aquarium_balcony_1a, aquarium_pool_2, minmay_distorted
D:2:      layout_basic, basic_altar, uniq_crazy_yiuf_cottage, uniq_jessica,
          uniq_robin
D:3:      layout_basic, chequers_jeans
D:4:      layout_rooms, nicolae_gozag_zags_fifth_avenue, temple_green,
          serial_shops, shop, uniq_eustachio, uniq_grinder, uniq_menkaure,
          uniq_sigmund
D:5:      layout_cave_pools, marbit_many_paths, lemuel_crystal_altar,
          minitemple, nicolae_stop_n_shop_2
D:7:      layout_loops_cross, mainiacjoe_overflow_paths, uniq_prince_ribbit1
Temple:   nicolae_temple_ecumenical_triangle

Skill      XL: |  1  2  3  4  5  6  7 |
---------------+----------------------+-----
Axes           | 2 3 4 5 7 |  7.3
Fighting       | 5 |  5.1
Dodging        | 2 |  2.1
Armour         | |  3.2
Shields        | |  3.2
Invocations    | |  0.8

Action                     |  1- 3 |  4- 6 |  7- 9 || total
---------------------------+-------+-------+-------++-------
  Melee: War axe           |    91 |   117 |    42 ||   250
  Throw: Boomerang         |       |    13 |    18 ||    31
 Invoke: Heroism           |       |       |     2 ||     2
    Use: Potion            |     1 |     3 |       ||     4
         Scroll            |     1 |     2 |     4 ||     7
 Armour: Scale mail        |    57 |    78 |    13 ||   148
  Dodge: Dodged            |    37 |    68 |    19 ||   124
  Block: Buckler           |    21 |    32 |     7 ||    60

Table legend:
 A = Non-vault XP
 B = Vault XP
 C = Vault XP percentage of total XP
 D = Non-vault monster count
 E = Vault monster count
 F = Vault count percentage of total count
                 A         B        C        D         E       F
            +---------+---------+-------+---------+---------+-------
      Total |     430 |     979 |  69.5 |      69 |      19 |  21.6
            +---------+---------+-------+---------+---------+-------
        D:1 |      33 |       5 |  13.2 |      20 |       3 |  13.0
        D:2 |      71 |      71 |  50.0 |      19 |      12 |  38.7
        D:3 |      96 |       0 |   0.0 |      21 |       0 |   0.0
        D:4 |     230 |     903 |  79.7 |       9 |       4 |  30.8
            +---------+---------+-------+---------+---------+-------
